| TOP OF THE 1ST |
|
Springfield Cardinals batting - Pitching for Altoona Curve : LHP Alfredo Carranza
|
|
Pitching: LHP Alfredo Carranza
|
|
|
Batting: RHB McGwire Jones
|
0-0: Ball 1-0: Ground out 5-3 (Groundball, 56S, EV 68.8 MPH)
|
|
Batting: RHB Jose Ramos
|
0-0: Ball 1-0: Called Strike 1-1: Ball 2-1: SINGLE (Line Drive, 78S, EV 104.4 MPH)
|
|
Batting: RHB Pablo Nunez
|
0-0: Called Strike 0-1: Ball 1-1: SINGLE (Line Drive, 4MD, EV 101.2 MPH) Jose Ramos to second Runner from 2nd tries for 3rd, SAFE, throw by CF made to third
|
|
Batting: RHB Fortunato Fteira
|
0-0: Ball 1-0: Ball 2-0: Ball 3-0: Base on Balls Pablo Nunez to second
|
|
Batting: RHB Tommy Boudreaux
|
0-0: Called Strike 0-1: Ball 1-1: Ball 2-1: SINGLE (Groundball, 6M, EV 79.4 MPH) (infield hit) Jose Ramos scores Pablo Nunez to third Fortunato Fteira to second
|
|
Batting: RHB Juan Martinez
|
0-0: Fielders Choice at 2nd, 6-4 (Groundball, 6, EV 81.2 MPH) Pablo Nunez scores Fortunato Fteira to third
|
|
Batting: LHB Travis Ruppel
|
0-0: Ball 1-0: Ball 2-0: Called Strike 2-1: Ground out 4-3 (Groundball, 34, EV 85.0 MPH)
|
| Top of the 1st over - 2 runs, 3 hits, 0 errors, 2 left on base; Springfield 2 - Altoona 0 |
| BOTTOM OF THE 1ST |
|
Altoona Curve batting - Pitching for Springfield Cardinals : LHP Kenji Yokoyama
|
|
Pitching: LHP Kenji Yokoyama
|
|
|
Batting: RHB Terrence Wilson
|
0-0: Called Strike 0-1: Called Strike 0-2: Ball 1-2: Foul Ball, location: 2F 1-2: Ground out 3-1 (Groundball, 34S, EV 75.0 MPH)
|
|
Batting: RHB Alex Arzate
|
0-0: Swinging Strike 0-1: Called Strike 0-2: Ball 1-2: Strikes out swinging, 2-3 out at first.
|
|
Batting: LHB Josh Aerni
|
0-0: Ball 1-0: SINGLE (Groundball, 6MS, EV 64.4 MPH) (infield hit)
|
|
Batting: RHB Brandon White
|
0-0: Called Strike 0-1: Fly out, F9 (Flyball, 89M, EV 86.9 MPH)
|
| Bottom of the 1st over - 0 runs, 1 hit, 0 errors, 1 left on base; Springfield 2 - Altoona 0 |
| TOP OF THE 2ND |
|
Springfield Cardinals batting - Pitching for Altoona Curve : LHP Alfredo Carranza
|
|
Batting: RHB Davey Beeson
|
0-0: Ball 1-0: Ball 2-0: Called Strike 2-1: Foul Ball, location: 2F 2-2: Strikes out looking
|
|
Batting: RHB Kalidas Mishra
|
0-0: Swinging Strike 0-1: Ball 1-1: Foul Ball, location: 2F 1-2: Ground out 4-3 (Groundball, 4, EV 102.5 MPH)
|
|
Batting: RHB McGwire Jones
|
0-0: Ball 1-0: Ball 2-0: DOUBLE (Flyball, 7LM, EV 88.1 MPH)
|
|
Batting: RHB Jose Ramos
|
0-0: Foul Ball, location: 2F 0-1: Foul Ball, location: 2F 0-2: 2-RUN HOME RUN (Line Drive, 7LD, EV 91.9 MPH), Distance : 337 ft
|
|
Batting: RHB Pablo Nunez
|
0-0: Ball 1-0: Called Strike 1-1: Called Strike 1-2: Foul Ball, location: 2F 1-2: Foul Ball, location: 2F 1-2: Strikes out swinging
|
| Top of the 2nd over - 2 runs, 2 hits, 0 errors, 0 left on base; Springfield 4 - Altoona 0 |
| BOTTOM OF THE 2ND |
|
Altoona Curve batting - Pitching for Springfield Cardinals : LHP Kenji Yokoyama
|
|
Batting: RHB Steve Terres
|
0-0: Called Strike 0-1: Foul Ball, location: 2F 0-2: Ball 1-2: SINGLE (Groundball, 6MD, EV 106.9 MPH)
|
|
Batting: RHB Jeff Edwards
|
0-0: Ball 1-0: Ball 2-0: Ball 3-0: Called Strike 3-1: Fly out, F9 (Flyball, 89XD, EV 90.6 MPH)
|
|
Batting: SHB Ronnie Brooks
|
0-0: Called Strike 0-1: Foul Ball, location: 2F 0-2: Ball 1-2: Foul Ball, location: 2F 1-2: Grounds into double play, 6-4-3 (Groundball, 6, EV 103.1 MPH)
|
| Bottom of the 2nd over - 0 runs, 1 hit, 0 errors, 0 left on base; Springfield 4 - Altoona 0 |
| TOP OF THE 3RD |
|
Springfield Cardinals batting - Pitching for Altoona Curve : LHP Alfredo Carranza
|
|
Batting: RHB Fortunato Fteira
|
0-0: Called Strike 0-1: SOLO HOME RUN (Flyball, 78XD, EV 101.2 MPH), Distance : 402 ft
|
|
Batting: RHB Tommy Boudreaux
|
0-0: Ball 1-0: Ball 2-0: Ball 3-0: Base on Balls
|
|
Batting: RHB Juan Martinez
|
0-0: Swinging Strike 0-1: Called Strike 0-2: Foul Ball, location: 2F 0-2: Strikes out looking
|
|
Batting: LHB Travis Ruppel
|
0-0: Called Strike 0-1: Ball 1-1: Foul Ball, location: 2F 1-2: Ball 2-2: Ball 3-2: Fly out, F8 (Line Drive, 8LM, EV 107.5 MPH)
|
|
Batting: RHB Davey Beeson
|
0-0: Ball 1-0: Ball 2-0: Ball 3-0: Base on Balls Tommy Boudreaux to second
|
|
Batting: RHB Kalidas Mishra
|
0-0: SINGLE (Groundball, 4M, EV 105.6 MPH) (infield hit) Tommy Boudreaux to third Davey Beeson to second
|
|
Batting: RHB McGwire Jones
|
0-0: Foul Ball, location: 2F 0-1: Called Strike 0-2: Fly out, F8 (Flyball, 8LD, EV 90.0 MPH)
|
| Top of the 3rd over - 1 run, 2 hits, 0 errors, 3 left on base; Springfield 5 - Altoona 0 |
| BOTTOM OF THE 3RD |
|
Altoona Curve batting - Pitching for Springfield Cardinals : LHP Kenji Yokoyama
|
|
Batting: RHB Chris McCoy
|
0-0: Ball 1-0: Ground out 4-3 (Groundball, 13, EV 80.0 MPH)
|
|
Batting: LHB Mike Handrahan
|
0-0: Foul Ball, location: 2F 0-1: Ball 1-1: Ground out U3 (Groundball, 34, EV 90.6 MPH)
|
|
Batting: RHB Terrence Wilson
|
0-0: Swinging Strike 0-1: Ball 1-1: Ground out 6-3 (Groundball, 6, EV 101.9 MPH)
|
| Bottom of the 3rd over - 0 runs, 0 hits, 0 errors, 0 left on base; Springfield 5 - Altoona 0 |
| TOP OF THE 4TH |
|
Springfield Cardinals batting - Pitching for Altoona Curve : LHP Alfredo Carranza
|
|
Batting: RHB Jose Ramos
|
0-0: Swinging Strike 0-1: Ball 1-1: Ball 2-1: Ball 3-1: Foul Ball, location: 2F 3-2: Strikes out swinging
|
|
Batting: RHB Pablo Nunez
|
0-0: Ball 1-0: Called Strike 1-1: Ball 2-1: Ball 3-1: Foul Ball, location: 2F 3-2: Strikes out looking
|
|
Batting: RHB Fortunato Fteira
|
0-0: Called Strike 0-1: Ball 1-1: Ball 2-1: Ground out 5-3 (Groundball, 56S, EV 66.2 MPH)
|
| Top of the 4th over - 0 runs, 0 hits, 0 errors, 0 left on base; Springfield 5 - Altoona 0 |
| BOTTOM OF THE 4TH |
|
Altoona Curve batting - Pitching for Springfield Cardinals : LHP Kenji Yokoyama
|
|
Batting: RHB Alex Arzate
|
0-0: Called Strike 0-1: Ball 1-1: Ball 2-1: Ball 3-1: Called Strike 3-2: SINGLE (Groundball, 4M, EV 102.5 MPH) (infield hit)
|
|
Batting: LHB Josh Aerni
|
0-0: Fielders Choice at 2nd, 4-6 (Groundball, 34, EV 98.8 MPH)
|
|
Batting: RHB Brandon White
|
0-0: Ball 1-0: Called Strike 1-1: SINGLE (Line Drive, 34D, EV 94.4 MPH) Josh Aerni to second
|
|
Batting: RHB Steve Terres
|
0-0: Ball 1-0: Fly out, F7 (Flyball, 7LD, EV 96.2 MPH) Runner from 2nd tags up, SAFE at 3rd with throw by LF
|
|
Batting: RHB Jeff Edwards
|
0-0: Called Strike 0-1: Called Strike 0-2: Fly out, F8 (Line Drive, 78D, EV 95.6 MPH)
|
| Bottom of the 4th over - 0 runs, 2 hits, 0 errors, 2 left on base; Springfield 5 - Altoona 0 |
| TOP OF THE 5TH |
|
Springfield Cardinals batting - Pitching for Altoona Curve : LHP Alfredo Carranza
|
|
Batting: RHB Tommy Boudreaux
|
0-0: Ball 1-0: Ball 2-0: Called Strike 2-1: Foul Ball, location: 2F 2-2: Strikes out swinging, 2-3 out at first.
|
|
Batting: RHB Juan Martinez
|
0-0: Ball 1-0: Ball 2-0: Ball 3-0: SINGLE (Groundball, 6MD, EV 101.9 MPH)
|
|
Pitching: RHP Jeff Crescimanno
|
|
|
Batting: LHB Travis Ruppel
|
0-0: Called Strike 0-1: Called Strike 0-2: Foul Ball, location: 2F 0-2: Ball Juan Martinez steals 2nd base 1-2: Strikes out swinging
|
|
Batting: RHB Davey Beeson
|
0-0: Called Strike 0-1: Foul Ball, location: 2F 0-2: Strikes out swinging
|
| Top of the 5th over - 0 runs, 1 hit, 0 errors, 1 left on base; Springfield 5 - Altoona 0 |
| BOTTOM OF THE 5TH |
|
Altoona Curve batting - Pitching for Springfield Cardinals : LHP Kenji Yokoyama
|
|
Batting: SHB Ronnie Brooks
|
0-0: Called Strike 0-1: Ball 1-1: Swinging Strike 1-2: Strikes out looking
|
|
Batting: RHB Chris McCoy
|
0-0: Called Strike 0-1: Foul Ball, location: 2F 0-2: Fly out, F7 (Flyball, 78M, EV 87.5 MPH)
|
|
Batting: LHB Mike Handrahan
|
0-0: Called Strike 0-1: Called Strike 0-2: Foul Ball, location: 2F 0-2: Foul Ball, location: 2F 0-2: Ball 1-2: Foul Ball, location: 2F 1-2: Foul Ball, location: 2F 1-2: Ball 2-2: Fly out, F7 (Flyball, 78M, EV 90.6 MPH)
|
| Bottom of the 5th over - 0 runs, 0 hits, 0 errors, 0 left on base; Springfield 5 - Altoona 0 |
| TOP OF THE 6TH |
|
Springfield Cardinals batting - Pitching for Altoona Curve : RHP Jeff Crescimanno
|
|
Batting: RHB Kalidas Mishra
|
0-0: Called Strike 0-1: Foul Ball, location: 2F 0-2: Ball 1-2: Foul Ball, location: 2F 1-2: Strikes out swinging
|
|
Batting: RHB McGwire Jones
|
0-0: Ball 1-0: Called Strike 1-1: Ball 2-1: Ball 3-1: Base on Balls
|
|
Batting: RHB Jose Ramos
|
0-0: Ball McGwire Jones steals 2nd, throwing error, E2 McGwire Jones to third 1-0: Ball 2-0: Ball 3-0: Called Strike 3-1: Called Strike 3-2: Strikes out swinging
|
|
Pitching: RHP Fred McIlrath
|
|
|
Batting: RHB Pablo Nunez
|
0-0: Ball 1-0: Foul Ball, location: 2F 1-1: Swinging Strike 1-2: Strikes out swinging, 2-3 out at first.
|
| Top of the 6th over - 0 runs, 0 hits, 1 error, 1 left on base; Springfield 5 - Altoona 0 |
| BOTTOM OF THE 6TH |
|
Altoona Curve batting - Pitching for Springfield Cardinals : LHP Kenji Yokoyama
|
|
Batting: RHB Terrence Wilson
|
0-0: Called Strike 0-1: Ball 1-1: SINGLE (Groundball, 6D, EV 101.9 MPH)
|
|
Batting: RHB Alex Arzate
|
0-0: Ball Passed Ball! Terrence Wilson to second 1-0: Reached on error, E6 (Groundball, 6, EV 110.6 MPH) Terrence Wilson to third
|
|
Batting: LHB Josh Aerni
|
0-0: Called Strike 0-1: Called Strike 0-2: Ball 1-2: Ball 2-2: Ball 3-2: Strikes out swinging
|
|
Batting: RHB Brandon White
|
0-0: Ball 1-0: Ball Alex Arzate is caught stealing 2nd base 2-4 2-0: Called Strike 2-1: Called Strike 2-2: Ground out 6-3 (Groundball, 6, EV 85.0 MPH)
|
| Bottom of the 6th over - 0 runs, 1 hit, 1 error, 1 left on base; Springfield 5 - Altoona 0 |
| TOP OF THE 7TH |
|
Springfield Cardinals batting - Pitching for Altoona Curve : RHP Fred McIlrath
|
|
Batting: RHB Fortunato Fteira
|
0-0: Called Strike 0-1: Foul Ball, location: 2F 0-2: Ball 1-2: Strikes out swinging
|
|
Batting: RHB Tommy Boudreaux
|
0-0: Foul Ball, location: 2F 0-1: Foul Ball, location: 2F 0-2: Ball 1-2: SINGLE (Line Drive, 34, EV 95.6 MPH)
|
|
Batting: RHB Juan Martinez
|
0-0: Swinging Strike 0-1: Swinging Strike 0-2: Ball 1-2: Strikes out looking
|
|
Batting: LHB Travis Ruppel
|
0-0: Foul Ball, location: 2F 0-1: Ball 1-1: Swinging Strike 1-2: Ball 2-2: Foul Ball, location: 2F 2-2: Ball 3-2: Base on Balls Tommy Boudreaux to second
|
|
Batting: RHB Davey Beeson
|
0-0: Fly out, F8 (Line Drive, 8RM, EV 88.1 MPH)
|
| Top of the 7th over - 0 runs, 1 hit, 0 errors, 2 left on base; Springfield 5 - Altoona 0 |
| BOTTOM OF THE 7TH |
|
Altoona Curve batting - Pitching for Springfield Cardinals : LHP Kenji Yokoyama
|
|
Batting: RHB Steve Terres
|
0-0: Called Strike 0-1: Foul Ball, location: 2F 0-2: Ball 1-2: Ball 2-2: Ground out 4-3 (Groundball, 4, EV 86.2 MPH)
|
|
Batting: RHB Jeff Edwards
|
0-0: Ball 1-0: Ground out 6-3 (Groundball, 6, EV 81.9 MPH)
|
|
Batting: SHB Ronnie Brooks
|
0-0: Called Strike 0-1: Fly out, F8 (Line Drive, 78M, EV 92.5 MPH)
|
| Bottom of the 7th over - 0 runs, 0 hits, 0 errors, 0 left on base; Springfield 5 - Altoona 0 |
| TOP OF THE 8TH |
|
Springfield Cardinals batting - Pitching for Altoona Curve : RHP Fred McIlrath
|
|
Batting: RHB Kalidas Mishra
|
0-0: Called Strike 0-1: Ball 1-1: Ball 2-1: Foul Ball, location: 2F 2-2: Strikes out swinging
|
|
Batting: RHB McGwire Jones
|
0-0: Ball 1-0: Ball 2-0: Swinging Strike 2-1: Called Strike 2-2: Strikes out swinging
|
|
Batting: RHB Jose Ramos
|
0-0: Foul Ball, location: 2F 0-1: Ball 1-1: Ground out 6-3 (Groundball, 6, EV 100.6 MPH)
|
| Top of the 8th over - 0 runs, 0 hits, 0 errors, 0 left on base; Springfield 5 - Altoona 0 |
| BOTTOM OF THE 8TH |
|
Altoona Curve batting - Pitching for Springfield Cardinals : LHP Kenji Yokoyama
|
|
Batting: RHB Chris McCoy
|
0-0: Called Strike 0-1: Ground out 5-3 (Groundball, 56, EV 99.4 MPH)
|
|
Batting: LHB Mike Handrahan
|
0-0: Ball 1-0: Fly out, F8 (Flyball, 8LD, EV 76.2 MPH)
|
|
Batting: RHB Terrence Wilson
|
0-0: Foul Ball, location: 2F 0-1: Ball 1-1: Ball 2-1: DOUBLE (Groundball, 5L, EV 100.6 MPH)
|
|
Batting: RHB Alex Arzate
|
0-0: Called Strike 0-1: Swinging Strike 0-2: Ball 1-2: Foul Ball, location: 2F 1-2: Ground out 5-3 (Groundball, 56, EV 81.2 MPH)
|
| Bottom of the 8th over - 0 runs, 1 hit, 0 errors, 1 left on base; Springfield 5 - Altoona 0 |
| TOP OF THE 9TH |
|
Springfield Cardinals batting - Pitching for Altoona Curve : RHP Fred McIlrath
|
|
Batting: RHB Pablo Nunez
|
0-0: Ball 1-0: Ball 2-0: Called Strike 2-1: Ball 3-1: Swinging Strike 3-2: Strikes out looking
|
|
Batting: RHB Fortunato Fteira
|
0-0: Ball 1-0: Called Strike 1-1: Ball 2-1: Ball 3-1: Foul Ball, location: 2F 3-2: Strikes out looking
|
|
Batting: RHB Tommy Boudreaux
|
0-0: Ball 1-0: Ball 2-0: Foul Ball, location: 2F 2-1: Fly out, F9 (Line Drive, 9, EV 97.5 MPH)
|
| Top of the 9th over - 0 runs, 0 hits, 0 errors, 0 left on base; Springfield 5 - Altoona 0 |
| BOTTOM OF THE 9TH |
|
Altoona Curve batting - Pitching for Springfield Cardinals : LHP Kenji Yokoyama
|
|
Pitching: RHP Chris Moore
|
|
|
Batting: LHB Josh Aerni
|
0-0: Called Strike 0-1: Called Strike 0-2: Ball 1-2: Foul Ball, location: 2F 1-2: Strikes out looking
|
|
Batting: RHB Brandon White
|
0-0: Ball 1-0: Ball 2-0: Called Strike 2-1: Ball 3-1: Base on Balls
|
|
Batting: RHB Steve Terres
|
0-0: Called Strike 0-1: Foul Ball, location: 2F 0-2: Strikes out swinging
|
|
Batting: RHB Jeff Edwards
|
0-0: Ball 1-0: Fielders Choice at 2nd, 6-4 (Groundball, 6, EV 98.1 MPH)
|
| Bottom of the 9th over - 0 runs, 0 hits, 0 errors, 1 left on base; Springfield 5 - Altoona 0 |
|